 Dungeon Crawl Stone Soup version 0.21.1-1-g345015f (webtiles) character file.

48791 vatarom the Scorcher (level 14, 0/115 HPs)
             Began as a Red Draconian Fire Elementalist on Apr 6, 2018.
             Was a High Priest of Vehumet.
             Slain by a guardian serpent (1 damage)
             ... on level 6 of the Lair of Beasts.
             The game lasted 01:04:52 (24594 turns).

vatarom the Scorcher (DrFE)                        Turns: 24594, Time: 01:04:53

Health: 0/115      AC: 17    Str: 17    XL:     14   Next: 13%
Magic:  15/28      EV: 19    Int: 23    God:    Vehumet [*****.]
Gold:   1044       SH:  0    Dex: 12    Spells: 3/34 levels left

rFire    + . .     SeeInvis .   j - +1 dagger (elec)
rCold    . . .     Gourm    .   (no shield)
rNeg     . . .     Faith    +   (armour unavailable)
rPois    .         Spirit   .   (helmet restricted)
rElec    .         Reflect  .   (no cloak)
rCorr    .         Harm     .   p - +2 pair of gloves
MR       +....                  d - +2 pair of boots
Stlth    ..........             J - amulet of faith
HPRegen  0.29/turn              M - ring "Daorocew" {AC+3 Str+5 Int+4 Stlth-}
MPRegen  0.21/turn              G - +3 ring of evasion

@: confused, slowed, very slow
A: breathe fire, unfitting armour, claws 1, talons 1, fire resistance 1,
cold-blooded, AC +8
a: Breathe Fire, Renounce Religion


You were on level 6 of the Lair of Beasts.
You worshipped Vehumet.
Vehumet was extremely pleased with you.
You were hungry.

You visited 3 branches of the dungeon, and saw 20 of its levels.
You also visited: Ice Cave.

You collected 1274 gold pieces.
You spent 230 gold pieces at shops.

Inventory:

Hand Weapons
 j - a +1 dagger of electrocution (weapon)
Armour
 d - a +2 pair of boots (worn)
 p - a +2 pair of gloves (worn)
Jewellery
 s - an uncursed ring of stealth
 t - an uncursed ring of ice {unknown}
 A - an uncursed ring of protection from magic
 G - a +3 ring of evasion (right hand)
 J - an amulet of faith (around neck)
 K - an uncursed amulet of magic regeneration
 M - the ring "Daorocew" (left hand) {AC+3 Str+5 Int+4 Stlth-}
   (You found it in an ice cave)

   [ring of protection]

   It affects your AC (+3).
   It affects your strength (+5).
   It affects your intelligence (+4).
   It makes you less stealthy.
Wands
 e - a wand of random effects (9)
 f - a wand of polymorph (14)
 r - a wand of digging (14)
 w - a wand of clouds (1)
 x - a wand of enslavement (12)
Scrolls
 c - a scroll of fog
 g - 10 scrolls of remove curse
 o - 5 scrolls of amnesia
 v - a scroll of summoning
 y - 3 scrolls of enchant armour
 z - a scroll of identify
 B - a scroll of random uselessness
 F - a scroll of magic mapping
Potions
 h - 2 potions of berserk rage
 i - 2 potions of curing
 k - a potion of might {unknown}
 l - 2 potions of cancellation
 m - 3 potions of agility
 n - 4 potions of flight
 u - 2 potions of degeneration {unknown}
 C - a potion of brilliance {unknown}
 E - a potion of invisibility {unknown}
Books
 a - a book of Flames

   Spells                             Type                      Level
   a - Flame Tongue                   Conjuration/Fire             1
   b - Throw Flame                    Conjuration/Fire             2
   c - Conjure Flame                  Conjuration/Fire             3
   d - Inner Flame                    Hexes/Fire                   3
   e - Sticky Flame                   Conjuration/Fire             4
   f - Fireball                       Conjuration/Fire             5
 L - a book of Fire

   Spells                             Type                      Level
   a - Ignite Poison                  Fire/Transmutation/Poison    3
   b - Fireball                       Conjuration/Fire             5
   c - Bolt of Fire                   Conjuration/Fire             6
   d - Ring of Flames                 Charms/Fire                  7
   e - Ignition                       Fire                         8
Miscellaneous
 I - a sack of spiders
Comestibles
 b - 20 rations


   Skills:
 - Level 8.2 Fighting
 - Level 8.3 Dodging
 - Level 1.7 Stealth
 + Level 10.5 Spellcasting
 * Level 12.2 Conjurations
 + Level 16.9 Fire Magic


You had 3 spell levels left.
You knew the following spells:

 Your Spells              Type           Power        Failure   Level  Hunger
a - Flame Tongue          Conj/Fire      #####        0%          1    None
b - Orb of Destruction    Conj           ######....   8%          7    #######
c - Conjure Flame         Conj/Fire      ######..     1%          3    None
d - Sticky Flame          Conj/Fire      ######..     1%          4    #......
e - Fireball              Conj/Fire      ######....   1%          5    ####...
f - Mephitic Cloud        Conj/Pois/Air  ####....     1%          3    None
g - Ignite Poison         Fire/Tmut/Pois #####...     1%          3    None
h - Iskenderun's Battles  Conj/Chrm      #####...     3%          5    ####...


Dungeon Overview and Level Annotations

Branches:
Dungeon (13/15)            Temple (1/1) D:7            Lair (6/6) D:9
  Swamp (0/4) Lair:4        Snake (0/4) Lair:4        Slime (0/5) Lair:6
    Orc: D:9-12      Vaults: D:13-14

Altars:
Ashenzari
Cheibriados
Dithmenos
Elyvilon
Fedhas
Gozag
Hepliaklqana
Kikubaaqudgha
Makhleb
Nemelex Xobeh
Okawaru
Qazlal
Ru
Sif Muna
Trog
Uskayaw
Vehumet
Wu Jian
Xom
Yredelemnul
Zin
The Shining One
Jiyva

Shops:
D:4 %   D:7 %   D:8 !

Annotations:
D:4 Menkaure
D:8 wojtek's ghost, novice MiFi
D:13 Azrael


Innate Abilities, Weirdness & Mutations

You can breathe blasts of fire.
Your fiery red scales are hard. (AC +8)
You cannot fit into any form of body armour.
Your flesh is heat resistant. (rF+)
You are cold-blooded and may be slowed by cold attacks.
You have sharp fingernails.
You have sharp toenails.


Message History

The water moccasin completely misses you.
The guardian serpent closely misses you.
The dream sheep misses you. The hippogriff closely misses you.
The hippogriff completely misses you. The hippogriff misses you.
The black mamba barely misses you.
The guardian serpent casts a spell.
The komodo dragon blinks!
The water moccasin misses you. The black mamba barely misses you.
The komodo dragon bites you!!!
You wake up.
* * * LOW HITPOINT WARNING * * *
The dream sheep completely misses you. The hippogriff completely misses you.
The hippogriff closely misses you. The hippogriff misses you.
You hear an angry hiss.
You are confused.
You feel invigorated.
The black mamba bites you but does no damage.
The guardian serpent hits you!
* * * LOW HITPOINT WARNING * * *
The water moccasin completely misses you.
The black mamba completely misses you. The guardian serpent hits you.
You die...

......†........##P.....#.
...............##P..#.P##
............P#..P...PPP##
P...........##.......PPP.
.P............#...#..PP..
....................P....
..:...§.Y....÷..........#
.......SSY.......##†...##
.......l@SY.....##.#..###
.......##H.......#......#
......##.............###
....###.#...........#.#
.......#.............##
..................####
...................#
........<÷........#.#
........÷......#...##


You could see a komodo dragon, a guardian serpent, a hippogriff, a black mamba,
a water moccasin and 3 dream sheep.

Vanquished Creatures
  4 hydras
  3 two-headed ogres
  A centaur warrior (D:13)
  A wolf spider (Lair:6)
  4 oklob plants (Lair:4)
  An ugly thing (D:12)
  5 elephants
  Maurice (D:8)
  9 black mambas
  A gargoyle (D:10)
  A centaur skeleton (D:10)
  5 spiny frogs
  2 rime drakes (IceCv)
  A merfolk (D:11)
  2 komodo dragons
  14 polar bears
  18 blink frogs
  2 trolls
  3 hornets
  2 dream sheep
  A harpy skeleton (D:13)
  6 slime creatures
  5 hippogriffs
  A shadow (D:11)
  4 water elementals (D:13)
  A wraith (D:12)
  2 vampires
  2 hungry ghosts
  7 wyverns
  49 yaks
  4 basilisks
  4 vampire mosquitoes (D:12)
  Edmund (D:5)
  3 swamp worms (Lair:4)
  An acid dragon (D:11)
  21 water moccasins
  2 hell hounds (Lair:2)
  11 porcupines
  2 ice beasts
  4 orc warriors
  A phantom (D:9)
  A necrophage (D:7)
  3 ogres
  4 black bears
  2 sky beasts
  16 wolves
  3 centaurs
  10 crocodiles
  Blork the orc (D:5)
  A big kobold (D:11)
  19 bullfrogs
  A gnoll sergeant (D:10)
  3 scorpions
  15 killer bees
  A howler monkey (D:3)
  3 wights (D:9)
  An electric eel (Lair:4)
  3 centaur zombies
  6 crimson imps
  A quasit (D:10)
  5 orc priests
  A gnoll shaman (D:6)
  5 hounds
  4 jellies
  3 bullfrog skeletons
  23 orc wizards
  Terence (D:2)
  3 iguanas (D:5)
  12 worker ants
  A hound skeleton (D:4)
  2 worker ant zombies (D:11)
  13 gnolls
  A howler monkey skeleton (D:4)
  18 adders
  6 shadow imps
  4 oozes
  An adder zombie (D:7)
  2 worms
  4 dart slugs
  6 leopard geckos
  43 orcs
  7 bats
  2 giant cockroaches
  8 goblins
  6 hobgoblins
  11 jackals
  11 kobolds
  3 quokkas
  2 ball pythons (D:1)
  A frilled lizard (D:1)
  A jackal skeleton (D:5)
  3 quokka zombies
  15 rats
  3 plants
537 creatures vanquished.

Vanquished Creatures (others)
  A rime drake (IceCv)
  A polar bear (IceCv)
  A wolf (IceCv)
  A jelly (D:13)
  14 fungi
  14 plants
32 creatures vanquished.

Grand Total: 569 creatures vanquished

Notes
Turn   | Place    | Note
-------+----------+-------------------------------------------
     0 | D:1      | vatarom the Draconian Fire Elementalist began the quest for the Orb.
     0 | D:1      | Reached XP level 1. HP: 14/14 MP: 3/3
   192 | D:1      | Reached XP level 2. HP: 20/20 MP: 3/5
   879 | D:1      | Reached XP level 3. HP: 21/26 MP: 0/6
  1151 | D:2      | Gained mutation: You are covered in fur. (AC +1) [potion of mutation]
  1151 | D:2      | Lost mutation: You are covered in fur. (AC +1) [potion of mutation]
  1151 | D:2      | Gained mutation: You have sharp toenails. [potion of mutation]
  1151 | D:2      | Gained mutation: You have sharp fingernails. [potion of mutation]
  1340 | D:2      | Reached skill level 4 in Fire Magic
  1558 | D:2      | Learned a level 2 spell: Throw Flame
  1562 | D:2      | Learned a level 3 spell: Conjure Flame
  1615 | D:2      | Noticed Terence
  1634 | D:2      | Killed Terence
  1634 | D:2      | Reached XP level 4. HP: 33/33 MP: 1/8
  1851 | D:2      | Found a snail-covered altar of Cheibriados.
  1851 | D:2      | Found a burning altar of Makhleb.
  2220 | D:3      | Reached XP level 5. HP: 31/38 MP: 5/9
  2265 | D:3      | Found a glowing golden altar of the Shining One.
  2664 | D:4      | Reached skill level 5 in Fire Magic
  2726 | D:4      | Learned a level 4 spell: Sticky Flame
  2804 | D:4      | Noticed Menkaure
  2862 | D:4      | Reached XP level 6. HP: 32/45 MP: 1/11
  3142 | D:4      | Found Onitix's Food Emporium.
  3387 | D:4      | Bought a ration for 50 gold pieces
  3387 | D:4      | Bought a ration for 50 gold pieces
  3387 | D:4      | Bought a ration for 50 gold pieces
  3574 | D:5      | Entered Level 5 of the Dungeon
  3710 | D:5      | Noticed Edmund
  3724 | D:5      | Killed Edmund
  3724 | D:5      | Reached skill level 6 in Fire Magic
  3724 | D:5      | Your scales start taking on a fiery red colour.
  3724 | D:5      | Reached skill level 7 in Fire Magic
  3724 | D:5      | Reached XP level 7. HP: 50/50 MP: 0/12
  3724 | D:5      | Gained mutation: Your flesh is heat resistant. (rF+) [Red Draconian growth]
  4145 | D:5      | Reached skill level 1 in Fighting
  4406 | D:5      | Noticed Blork the orc
  4438 | D:5      | Killed Blork the orc
  4438 | D:5      | Reached skill level 8 in Fire Magic
  5278 | D:6      | Reached XP level 8. HP: 28/63 MP: 8/14
  6076 | D:7      | Got a faintly glowing robe
  6161 | D:7      | Found a staircase to the Ecumenical Temple.
  6207 | Temple   | Entered the Ecumenical Temple
  6338 | D:7      | Reached skill level 9 in Fire Magic
  6430 | D:7      | Reached skill level 5 in Spellcasting
  6430 | D:7      | Reached skill level 5 in Conjurations
  6509 | D:7      | Reached skill level 5 in Fighting
  6644 | D:7      | Found a deep blue altar of Sif Muna.
  6840 | D:7      | Reached XP level 9. HP: 66/73 MP: 16/16
  7029 | D:7      | Found an ornate altar of the Wu Jian Council.
  7098 | D:7      | Reached skill level 10 in Fire Magic
  7122 | D:7      | Learned a level 5 spell: Fireball
  7244 | D:7      | Found a white marble altar of Elyvilon.
  7335 | D:7      | Found Gero's Food Shop.
  7778 | D:8      | Noticed wojtek's ghost (novice MiFi)
  8096 | D:8      | Noticed Maurice
  8111 | D:8      | Killed Maurice
  8553 | D:8      | Reached skill level 11 in Fire Magic
  8883 | D:8      | Found Hoicwoh's Distillery.
  8893 | D:8      | Bought a potion of ambrosia for 80 gold pieces
  8938 | D:9      | Reached XP level 10. HP: 82/85 MP: 8/19
  9070 | D:9      | Found a staircase to the Lair.
  9072 | D:9      | Noticed an elephant
  9120 | D:9      | Killed an elephant
  9663 | D:9      | Found a radiant altar of Vehumet.
  9695 | D:9      | Became a worshipper of Vehumet
  9950 | D:10     | Entered Level 10 of the Dungeon
 10190 | D:10     | Reached skill level 12 in Fire Magic
 10591 | D:10     | Reached * piety under Vehumet
 10591 | D:10     | Offered knowledge of Magic Dart by Vehumet.
 10695 | D:10     | Noticed a gargoyle
 10701 | D:10     | Killed a gargoyle
 11164 | D:11     | Noticed a four-headed hydra
 11644 | D:11     | Reached XP level 11. HP: 79/94 MP: 7/21
 12325 | D:11     | Offered knowledge of Sandblast by Vehumet.
 12325 | D:11     | Reached ** piety under Vehumet
 12416 | D:11     | Reached skill level 5 in Dodging
 12481 | D:11     | Killed a four-headed hydra
 12722 | D:11     | Reached skill level 13 in Fire Magic
 12926 | D:11     | Noticed a two-headed ogre
 12934 | D:11     | Killed a two-headed ogre
 13001 | D:11     | You fall through a shaft for 2 floors!
 13280 | D:13     | Offered knowledge of Ignite Poison by Vehumet.
 13287 | D:13     | Noticed a centaur warrior
 13293 | D:13     | Killed a centaur warrior
 13309 | D:13     | Noticed Azrael
 13623 | D:12     | Noticed a two-headed ogre
 13626 | D:12     | Noticed a purple ugly thing
 13634 | D:12     | Killed a two-headed ogre
 13634 | D:12     | Reached *** piety under Vehumet
 13641 | D:12     | Killed a purple ugly thing
 13868 | D:12     | Reached XP level 12. HP: 39/102 MP: 15/23
 13869 | D:12     | Reached skill level 14 in Fire Magic
 14048 | D:12     | Learned a level 3 spell: Mephitic Cloud
 14052 | D:12     | Learned a level 3 spell: Ignite Poison
 14099 | D:12     | Offered knowledge of Static Discharge by Vehumet.
 14483 | D:11     | Noticed a two-headed ogre
 14494 | D:11     | Killed a two-headed ogre
 15175 | Lair:1   | Entered Level 1 of the Lair of Beasts
 15350 | Lair:1   | You fall through a shaft!
 15406 | Lair:2   | Found a dark tunnel.
 15918 | Lair:1   | Reached **** piety under Vehumet
 16129 | Lair:1   | Offered knowledge of Fulminant Prism by Vehumet.
 16762 | Lair:2   | Reached skill level 15 in Fire Magic
 17850 | Lair:3   | Reached skill level 10 in Conjurations
 18217 | Lair:4   | Reached XP level 13. HP: 92/107 MP: 16/26
 18305 | Lair:4   | Found a staircase to the Snake Pit.
 18494 | Lair:4   | Reached ***** piety under Vehumet
 18514 | Lair:4   | Offered knowledge of Iskenderun's Battlesphere by Vehumet.
 18566 | Lair:4   | Learned a level 5 spell: Iskenderun's Battlesphere
 19870 | Lair:4   | Found a staircase to the Swamp.
 19989 | Lair:5   | Found a frozen archway.
 20011 | IceCv    | Entered an ice cave
 20226 | IceCv    | Got a glittering marble ring
 20729 | IceCv    | Identified the ring "Daorocew" {AC+3 Str+5 Int+4 Stlth-} (You found it in an ice cave)
 20938 | IceCv    | Reached skill level 16 in Fire Magic
 21319 | IceCv    | Noticed a frost giant
 22239 | Lair:5   | Reached skill level 10 in Spellcasting
 22642 | Lair:6   | Entered Level 6 of the Lair of Beasts
 23512 | Lair:5   | Offered knowledge of Orb of Destruction by Vehumet.
 23528 | Lair:5   | Learned a level 7 spell: Orb of Destruction
 23930 | Lair:6   | Reached XP level 14. HP: 84/115 MP: 22/28
 24364 | Lair:6   | Found a staircase to the Slime Pits.
 24535 | Lair:6   | Found a viscous altar of Jiyva.
 24594 | Lair:6   | HP: 1/115 [guardian serpent (11)]
 24594 | Lair:6   | Slain by a guardian serpent

Skill      XL: |  1  2  3  4  5  6  7  8  9 10 11 12 13 14 |
---------------+-------------------------------------------+-----
Fire Magic     | 4 5 7 8 9 11 12 13 15 16 | 16.9
Conjurations   | 2 3 4 5 6 7 8 10 11 12 | 12.2
Spellcasting   | 3 4 5 6 7 9 10 | 10.5
Fighting       | 3 5 7 8 |  8.2
Dodging        | 4 7 8 |  8.3
Stealth        | |  1.7

Action                   |  1- 3 |  4- 6 |  7- 9 | 10-12 | 13-15 || total
-------------------------+-------+-------+-------+-------+-------++-------
Melee: Unarmed           |     7 |       |       |       |       ||     7
       Spear             |    62 |     1 |       |       |       ||    63
       Tailslap          |     5 |     6 |    18 |    34 |    13 ||    76
       Dagger            |       |    49 |   217 |   310 |   158 ||   734
 Cast: Flame Tongue      |    57 |    68 |   138 |   323 |   173 ||   759
       Throw Flame       |       |     5 |     4 |     2 |    10 ||    21
       Sticky Flame      |       |     4 |    28 |    79 |    49 ||   160
       Fireball          |       |       |       |    42 |    56 ||    98
       Conjure Flame     |       |       |       |     3 |     2 ||     5
       Mephitic Cloud    |       |       |       |     2 |       ||     2
       Ignite Poison     |       |       |       |     1 |     1 ||     2
       Iskenderun's Batt |       |       |       |       |    16 ||    16
       Orb of Destructio |       |       |       |       |     4 ||     4
 Abil: Breathe Fire      |       |       |     8 |    11 |     9 ||    28
Evoke: Wand              |       |       |       |     4 |     2 ||     6
  Use: Scroll            |     3 |     8 |     5 |     7 |     6 ||    29
       Potion            |     2 |       |     1 |     5 |    11 ||    19
 Stab: Sleeping          |     5 |     1 |     9 |     6 |       ||    21
  Eat: Chunk             |     3 |     8 |    14 |    28 |     5 ||    58
       Ration            |       |       |     4 |     8 |    10 ||    22
Armor: Skin              |    30 |    54 |   118 |   216 |   150 ||   568
Dodge: Dodged            |    51 |    80 |   168 |   412 |   482 ||  1193
